 Dungeon Crawl Stone Soup version 0.28.0 (webtiles) character file.

Game seed: 1756057570254227198

9 SnakkuSnakku7 the Chiller (level 2, -2/19 HPs)
             Began as a Formicid Ice Elementalist on Feb 8, 2022.
             Slain by a kobold (5 damage)
             ... on level 1 of the Dungeon.
             The game lasted 00:00:44 (299 turns).

SnakkuSnakku7 the Chiller (FoIE)                     Turns: 299, Time: 00:00:44

Health: -2/19      AC:  3    Str: 12    XL:     2   Next: 20%
Magic:  1/5        EV: 12    Int: 14    God:
Gold:   22         SH:  0    Dex: 11    Spells: 4/5 levels left

rFire   . . .      SeeInvis +   d - +1 dagger (venom)
rCold   . . .      Faith    .   (no shield)
rNeg    . . .      Spirit   .   a - +0 robe
rPois   .          Reflect  .   (helmet unavailable)
rElec   .          Harm     .   c - +0 cloak
rCorr   .          Rampage  .   (no gloves)
Will    .....                   (no boots)
Stlth   ++........              (no amulet)
HPRegen 0.06/turn               (no ring)
MPRegen 0.09/turn               (no ring)

@: no status effects
A: permanent stasis, dig shafts and tunnels, antennae 3, four strong arms
a: Dig, Shaft Self


You were on level 1 of the Dungeon.
You visited 1 branch of the dungeon, and saw 1 of its levels.

You collected 22 gold pieces.

Inventory:

Hand Weapons
 d - a +1 dagger of venom (weapon)
Armour
 a - a +0 robe (worn)
 c - a +0 cloak (worn)
Scrolls
 b - a scroll of identify {unknown}
Potions
 e - a potion of mutation {unknown}
 f - a potion of brilliance {unknown}


   Skills:
 - Level 1.7 Dodging
 - Level 2.4 Stealth
 - Level 2.1 Spellcasting
 + Level 4.4 Ice Magic


You had 4 spell levels left.
You knew the following spells:

 Your Spells              Type           Power      Damage    Failure   Level
a - Freeze                Ice            56%        1d7       3%          1

Your spell library contained the following spells:

 Spells                   Type           Power      Damage    Failure   Level
 Frozen Ramparts          Ice            28%        1d4       11%         3
 Ozocubu's Armour         Ice            14%        N/A       11%         3
 Hailstorm                Conj/Ice       7%         3d4       67%         4


Dungeon Overview and Level Annotations

Branches:
Dungeon (1/15)

Altars:


Innate Abilities, Weirdness & Mutations

You cannot be hasted, slowed, berserked, paralysed or teleported.
You can dig through walls and to a lower floor.
You have a pair of large antennae on your head. (SInv)
Your four strong arms can wield two-handed weapons with a shield.


Message History

The jackal is severely wounded.
You kill the jackal!
You miss the jackal.
The jackal bites you but does no damage.
The jackal barely misses you.
You closely miss the jackal. The jackal closely misses you.
You barely miss the jackal.
The jackal bites you but does no damage.
Your magical contamination has completely faded away.
You closely miss the jackal. The jackal bites you.
* * * LOW HITPOINT WARNING * * *
The jackal bites you.
* * * LOW HITPOINT WARNING * * *
You barely miss the jackal. The jackal misses you.
You hit the jackal.
The jackal is poisoned.
The jackal is lightly wounded.
The jackal misses you. x2
Aiming: Freeze (safe; 3% risk of failure)
Press: ? - help, Q - select action, (/) - cycle Shift-Dir - straight line, f - jackal
Aim: a jackal (lightly wounded, very poisoned)
You freeze the jackal.
The jackal is severely wounded.
The jackal bites you but does no damage.
You kill the jackal!
The kobold throws a stone.
The stone closely misses you.
You see here a jackal corpse.
The kobold throws a stone.
The stone hits you but does no damage.
Aiming: Freeze (safe; 3% risk of failure)
Press: ? - help, Q - select action, (/) - cycle Shift-Dir - straight line, f - kobold
Aim: a kobold, wielding a +0 short sword and quivering stones You freeze the kobold.
The kobold is moderately wounded.
Unknown command.
You barely miss the kobold.
The kobold is moderately wounded.
The kobold completely misses you.
You hit the kobold.
The kobold is poisoned.
The kobold is severely wounded.
The kobold hits you with a +0 short sword.
You die...

.............)........#.#
...................♣###.#
.............##..♣......#
....########......P.###
... #...♣♣P.....
#.########..♣≈....P##
#####.....K.##..≈≈≈♣♣....
........###.###P≈♣≈≈≈P..#
.......K@.#†# #..≈≈≈♣≈..#
........#.#K# #...≈≈≈≈.##
#######....[###...≈≈...#
###.......PP.♣..P#
#........♣....## ♣♣#
##........P♣..# ♣P#
#..).....##PP# ♣P#
#............# ♣.###
##........###.###


You could see a kobold (very poisoned).

Vanquished Creatures
  An endoplasm (D:1)
  A hobgoblin (D:1)
  3 jackals (D:1)
  A frilled lizard (D:1)
  A goblin (D:1)
  A kobold (D:1)
8 creatures vanquished.

Notes
Turn   | Place    | Note
-------+----------+-------------------------------------------
     0 | D:1      | SnakkuSnakku7 the Formicid Ice Elementalist began the quest
                  | for the Orb.
     0 | D:1      | Reached XP level 1. HP: 13/13 MP: 3/3
   269 | D:1      | Reached XP level 2. HP: 7/19 MP: 0/5
   299 | D:1      | Slain by a kobold

Illustrated notes

Levels and vault maps discovered:
D:1:      dpeg_arrival_orchard, layout_basic, serial_bayou, serial_bayou_ford_a,
          serial_bayou_lake_a, serial_bayou_shore_a, serial_bayou_pond_d,
          serial_bayou_pond_a, serial_bayou_pond_c,
          chequers_ecumenical_altar_grove

Action                   || total
-------------------------++-------
Melee: Dagger            ||    16
       Unarmed           ||     1
 Cast: Freeze            ||    10
Armor: Robe              ||     5
Dodge: Dodged            ||    21
